 Dungeon Crawl Stone Soup version 0.29-a0-284-gf9362112df (webtiles) character file.

Game seed: 2469939591846914662

7231 sammy202020 the Fighter (level 10, -2/97 HPs)
             Began as a Minotaur Fighter on Mar 24, 2022.
             Was a High Priest of Okawaru.
             Killed by divine providence
             ... invoked by an orc priest
              (13 damage)
             ... on level 9 of the Dungeon.
             The game lasted 00:16:34 (8952 turns).

sammy202020 the Fighter (Minotaur Fighter)          Turns: 8952, Time: 00:16:34

Health: -2/97      AC: 22    Str: 24    XL:     10   Next: 88%
Magic:  8/9        EV: 12    Int:  9    God:    Okawaru [*****.]
Gold:   125        SH:  0    Dex: 11    Spells: 9/9 levels left

rFire   . . .      SeeInvis .   a - +1 war axe (flame)
rCold   . . .      Faith    .   l - orb {light}
rNeg    + . .      Spirit   .   G - +5 swamp dragon scales of Death Resistance {rPois Str+4}
rPois   +          Reflect  .   (helmet restricted)
rElec   .          Harm     .   i - +0 cloak
rCorr   .          Rampage  .   D - +2 pair of gloves {Stlth+}
Will    .....                   j - +1 pair of boots
Stlth   +.........              (no amulet)
HPRegen 0.26/turn               E - ring of positive energy
MPRegen 0.11/turn               u - ring of poison resistance

@: mighty, glowing
A: horns 2, retaliatory headbutt
a: Renounce Religion, Heroism, Finesse, Duel


You were on level 9 of the Dungeon.
You worshipped Okawaru.
Okawaru was extremely pleased with you.
You visited 1 branch of the dungeon, and saw 9 of its levels.

You collected 380 gold pieces.
You spent 255 gold pieces at shops.

Inventory:

Hand Weapons
 a - a +1 war axe of flaming (weapon)
 h - a +2 flail of protection
 B - a +1 battleaxe
 C - the +4 short sword of Conscience {flame, rPois rF++ MP+9 Stlth-}
   (You found it on level 7 of the Dungeon)

   It burns those it strikes, dealing additional fire damage.
   rF:        It greatly protects you from fire.
   rPois:     It protects you from poison.
   MP:        It affects your magic capacity (+9).
   Stlth:     It makes you less stealthy.
Missiles
 n - a silver boomerang
 y - a throwing net (quivered)
 A - 10 poisoned darts
 F - 2 boomerangs
Armour
 c - a +0 buckler
 i - a +0 cloak (worn)
 j - a +1 pair of boots (worn)
 l - an orb of light (worn)
 D - a +2 pair of gloves of stealth (worn)
 G - the +5 swamp dragon scales of Death Resistance (worn) {rPois Str+4}
   (Okawaru gifted it to you on level 8 of the Dungeon)

   Str:       It affects your strength (+4).
   rPois:     It protects you from poison.
Jewellery
 b - a ring of flight
 e - a ring of magical power
 s - a +6 ring of dexterity
 u - a ring of poison resistance (right hand)
 E - a ring of positive energy (left hand)
Wands
 g - a wand of polymorph (2)
 w - a wand of mindburst (16)
Scrolls
 o - a scroll of enchant weapon
 p - a scroll of identify
 q - 2 scrolls of noise
 z - 3 scrolls of fog
 H - a scroll of teleportation
Potions
 d - a potion of might
 f - 10 potions of curing
 k - 2 potions of resistance
 m - a potion of flight {unknown}
 r - 4 potions of attraction {unknown}
 t - a potion of heal wounds {unknown}
 v - a potion of brilliance {unknown}


   Skills:
 * Level 12.2 Fighting
 * Level 11.7 Axes
 * Level 10.7 Armour
 + Level 4.7 Dodging
 - Level 3.8 Shields
 + Level 0.9 Invocations


You had 9 spell levels left.
You didn't know any spells.
Your spell library contained the following spells:

 Spells                   Type           Power      Damage    Failure   Level
 Ozocubu's Armour         Ice            0%         N/A       86%         3
 Ozocubu's Refrigeration  Ice            0%         4d5       100%        7


Dungeon Overview and Level Annotations

Branches:
Dungeon (9/15)             Temple (0/1) D:4            Lair (0/6) D:8
    Orc: D:9-12

Altars:
Cheibriados
Dithmenos
Fedhas
Gozag
Hepliaklqana
Makhleb
Okawaru
Qazlal
Ru
Sif Muna
Yredelemnul
The Shining One

Shops:
D:3 [   D:8 *[?[


Innate Abilities, Weirdness & Mutations

You have a pair of horns on your head.
You reflexively headbutt those who attack you in melee.


Message History

You hit the orc wizard. You burn the orc wizard.
The orc priest calls down the wrath of Beogh upon you.
Beogh smites you!
* * * LOW HITPOINT WARNING * * *
The orc wizard hits you but does no damage.
The yak gores you but does no damage.
Okay, then.
You feel better.
The centaur shoots an arrow.
The arrow completely misses you.
The orc wizard hits you but does no damage.
The yak gores you.
* * * LOW HITPOINT WARNING * * *
You feel very mighty all of a sudden.
The centaur shoots an arrow.
The arrow closely misses you.
The arrow hits the orc wizard!
The orc wizard dies!
The yak completely misses you.
You completely miss the yak.
The yak is almost dead.
The centaur shoots an arrow.
The arrow hits you but does no damage.
The orc priest mumbles some strange prayers to Beogh against you.
You struggle to resist.
The yak gores you but does no damage.
You feel like a meek peon again.
The centaur unwields a +0 shortbow.
The centaur barely misses you. You furiously retaliate!
You headbutt the centaur, but do no damage.
The centaur kicks you but does no damage.
The yak gores you.
* * * LOW HITPOINT WARNING * * *
You see here a +0 scale mail.
You slash the centaur! You burn the centaur.
The centaur is almost dead.
You slash the yak! You burn the yak.
You kill the yak!
Okawaru accepts your kill.
The centaur hits you but does no damage.
The centaur kicks you but does no damage.
The centaur misses you. x2
The orc priest calls down the wrath of Beogh upon you.
Beogh smites you!
You die...

#.....# #.....#
########.....####
..................
..(..........$....
.....o............
......o)[........
......o.@c.......
########.....###
#.....# #.....#
#...<.# #....>#
#.....# #.....#
#.....#


You could see a centaur, an orc priest and 2 orcs.

Vanquished Creatures
  A two-headed ogre (D:7)
  Pikel (D:5)
  A cyclops (D:8)
  2 trolls
  A hornet (D:8)
  Sigmund (D:2)
  2 wyverns
  12 yaks
  2 water moccasins
  Duvessa (D:5)
  An orc warrior (D:6)
  3 sky beasts
  2 black bears
  2 ice beasts (D:7)
  An ogre (D:4)
  2 wolves (D:8)
  A lemure (D:5)
  Blork the orc (D:5)
  A kobold brigand (D:7)
  4 bullfrogs
  5 scorpions
  8 wights (D:8)
  Dowan (D:5)
  A howler monkey (D:6)
  An electric eel (D:8)
  4 hounds
  A gnoll shaman (D:5)
  4 orc priests
  5 orc wizards
  3 iguanas
  4 gnolls (D:5)
  8 adders
  2 shadow imps
  An ufetubus (D:7)
  4 worms
  4 dart slugs
  30 orcs
  7 ball pythons
  7 endoplasms
  13 giant cockroaches
  7 hobgoblins
  4 jackals (D:3)
  9 quokkas
  4 bats
  4 frilled lizards
  19 goblins
  10 kobolds
  5 rats
  A spectral orc (D:5)
218 creatures vanquished.

Vanquished Creatures (others)
  An orc wizard (D:9)
  A plant (D:1)
2 creatures vanquished.

Grand Total: 220 creatures vanquished

Notes
Turn   | Place    | Note
-------+----------+-------------------------------------------
     0 | D:1      | sammy202020 the Minotaur Fighter began the quest for the
                  | Orb.
     0 | D:1      | Reached XP level 1. HP: 19/19 MP: 0/0
   294 | D:1      | Reached XP level 2. HP: 27/27 MP: 1/1
   390 | D:1      | Found a faded altar of an unknown god.
   684 | D:1      | Reached skill level 4 in Fighting
   980 | D:2      | Reached XP level 3. HP: 29/33 MP: 2/2
  1035 | D:2      | Noticed Sigmund
  1045 | D:2      | Killed Sigmund
  1046 | D:2      | Reached skill level 5 in Fighting
  1046 | D:2      | Reached XP level 4. HP: 42/42 MP: 3/3
  1046 | D:2      | Reached XP level 5. HP: 48/48 MP: 4/4
  1323 | D:2      | Reached skill level 5 in Armour
  1564 | D:3      | Found Udok's Antique Armour Shop.
  1698 | D:3      | Found a stormy altar of Qazlal.
  1725 | D:3      | Reached XP level 6. HP: 57/57 MP: 5/5
  1822 | D:3      | Noticed a sky beast
  1832 | D:3      | Killed a sky beast
  1833 | D:3      | Reached skill level 6 in Fighting
  1833 | D:3      | Reached skill level 5 in Axes
  2223 | D:3      | Found an iron altar of Okawaru.
  2396 | D:3      | Became a worshipper of Warmaster Okawaru
  2553 | D:4      | Found a staircase to the Ecumenical Temple.
  2893 | D:4      | Found a snail-covered altar of Cheibriados.
  2941 | D:4      | Noticed a wyvern
  2952 | D:4      | Killed a wyvern
  2952 | D:4      | Reached * piety under Okawaru
  2953 | D:4      | Reached skill level 7 in Fighting
  2953 | D:4      | Reached XP level 7. HP: 38/66 MP: 6/6
  3600 | D:5      | Entered Level 5 of the Dungeon
  3606 | D:5      | Noticed Duvessa
  3619 | D:5      | Killed Duvessa
  3747 | D:5      | Found a hazy altar of Hepliaklqana.
  3757 | D:5      | Reached ** piety under Okawaru
  3758 | D:5      | Reached skill level 8 in Fighting
  3758 | D:5      | Reached XP level 8. HP: 72/74 MP: 7/7
  3876 | D:5      | Found a glowing golden altar of the Shining One.
  3906 | D:5      | Noticed Blork the orc
  3912 | D:5      | Killed Blork the orc
  4003 | D:5      | Noticed Pikel
  4016 | D:5      | Killed Pikel
  4017 | D:5      | Reached skill level 9 in Fighting
  4131 | D:5      | Found a sacrificial altar of Ru.
  4399 | D:5      | Found a basalt altar of Yredelemnul.
  4462 | D:5      | Noticed Dowan
  4467 | D:5      | Killed Dowan
  4688 | D:5      | Found a burning altar of Makhleb.
  4912 | D:6      | Reached XP level 9. HP: 84/84 MP: 8/8
  4962 | D:6      | Reached skill level 1 in Dodging
  5471 | D:6      | Reached *** piety under Okawaru
  5698 | D:6      | Reached skill level 10 in Fighting
  6260 | D:7      | Noticed a two-headed ogre
  6271 | D:7      | Killed a two-headed ogre
  6272 | D:7      | Reached skill level 10 in Axes
  6517 | D:7      | Found an opulent altar of Gozag.
  6777 | D:7      | Reached **** piety under Okawaru
  7074 | D:7      | Found a blossoming altar of Fedhas.
  7164 | D:7      | Identified the +4 short sword of Conscience {flame, rPois
                  | rF++ MP+9 Stlth-}
  7653 | D:8      | Found Jautwu Qina's General Store.
  7657 | D:8      | Found Gaciunlo's Antique Armour Emporium.
  7657 | D:8      | Found Koeguac's Magic Scroll Emporium.
  7671 | D:8      | Reached XP level 10. HP: 66/93 MP: 9/9
  7674 | D:8      | Reached skill level 11 in Fighting
  7723 | D:8      | Reached ***** piety under Okawaru
  7728 | D:8      | Found Wiets's Antique Armour Emporium.
  7749 | D:8      | Bought a pair of embroidered gloves for 255 gold pieces
  7956 | D:8      | Reached skill level 10 in Armour
  8032 | D:8      | Found a staircase to the Lair.
  8148 | D:8      | Found a shimmering blue altar of Sif Muna.
  8338 | D:8      | Noticed a cyclops
  8345 | D:8      | Killed a cyclops
  8345 | D:8      | Identified the +5 swamp dragon scales of Death Resistance
                  | {rPois Str+4} (Okawaru gifted it to you on level 8 of the
                  | Dungeon)
  8345 | D:8      | Received a gift from Okawaru
  8373 | D:8      | Reached skill level 12 in Fighting
  8480 | D:8      | Found a shadowy altar of Dithmenos.
  8952 | D:9      | Killed from afar by an orc priest

Illustrated notes

Levels and vault maps discovered:
D:1:      denvon_arrival_planthouse, layout_basic, serial_forest,
          infiniplex_forest_clump_diagonal, infiniplex_forest_clump_cross,
          infiniplex_forest_straight_1, infiniplex_forest_end_2,
          shapermc_ecumenical_altar_mp_highgroup
D:2:      minmay_roachtagon, layout_basic, uniq_sigmund
D:3:      layout_loops_ring, marbit_many_paths, mainiacjoe_overflow_chevrons,
          serial_shops, shop
D:4:      layout_basic, kennysheep_little_box, temple_pool_b
D:5:      layout_loops_cross, nicolae_tso_swordbearing_angel,
          nicolae_ru_great_annihilating_truth, amcnicky_altar_gilded,
          mainiacjoe_overflow_concentric_impassable,
          yredelemnul_forgotten_temple_becter, grunt_decor_arrowhead,
          uniq_blork_the_orc, uniq_duvessa, uniq_pikel
D:6:      layout_loops_corners, hangedman_decor_lopped
D:7:      layout_basic, mainiacjoe_overflow_cross_hatched, fedhas_altar_4,
          feat_on_display
D:8:      layout_loops_ring, mainiacjoe_overflow_24_doors,
          nicolae_dithmenos_shadow_blocks, erik_lair_island,
          minmay_shop_grid_forest
D:9:      layout_cross, lemuel_coloured_pillars_altar, minmay_tree_intersection

Skill      XL: |  1  2  3  4  5  6  7  8  9 10 |
---------------+-------------------------------+-----
Armour         | 4 5 6 7 9 10 | 10.7
Fighting       | 4 5 7 8 9 10 12 | 12.2
Axes           | 3 4 6 7 9 10 11 | 11.7
Dodging        | 3 4 |  4.7
Shields        | |  3.8
Invocations    | |  0.9

Action                   |  1- 3 |  4- 6 |  7- 9 | 10-12 || total
-------------------------+-------+-------+-------+-------++-------
Melee: War axe           |    65 |   112 |   185 |    93 ||   455
       Headbutt          |     9 |    17 |    40 |    25 ||    91
Invok: Heroism           |       |       |       |     3 ||     3
       Finesse           |       |       |       |     1 ||     1
  Use: Scroll            |       |     3 |     9 |       ||    12
       Potion            |       |       |       |     2 ||     2
 Stab: Paralysed         |       |       |     1 |       ||     1
Armor: Scale mail        |    14 |       |       |       ||    14
       Chain mail        |    19 |    71 |    59 |       ||   149
       Plate armour      |       |       |    38 |    51 ||    89
       Swamp dragon scal |       |       |       |    31 ||    31
       Skin              |       |       |       |     1 ||     1
Dodge: Dodged            |    18 |    40 |    71 |    61 ||   190
Block: Buckler           |    14 |       |       |       ||    14

Table legend: (Time is in decaauts)
 A = Elapsed time spent in this place.
 B = Non-inter-level travel time spent in this place.
 C = Inter-level travel time spent in this place.
 D = Time resting spent in this place.
 E = Time spent auto-exploring this place.
 F = Levels seen in this place.
 G = Mean time per level.
                   A        B        C        D        E       F      G
               +--------+--------+--------+--------+--------+-----+--------+
         Total |   9001 |   8575 |    426 |      0 |   7040 |   9 | 1000.1 |
       Dungeon |   9001 |   8575 |    426 |      0 |   7040 |   9 | 1000.1 |
               +--------+--------+--------+--------+--------+-----+--------+

Top non-repeatable levels by time:
     D:7: 1551 daAuts
     D:8: 1398 daAuts
     D:5: 1315 daAuts
     D:4: 1113 daAuts
     D:6: 1063 daAuts
     D:3: 990 daAuts
     D:1: 814 daAuts
     D:2: 734 daAuts
     D:9: 18 daAuts
